Unix NetHack Version 3.7.0-94 Work-in-progress - last build Dec 18 2023 00:11:04 (7e3deff068b9ef4f2ebb9a71ea0f5c4a3b578a14,branch:master). Game began 2023-12-27 07:38:05, ended 2023-12-27 07:48:17. Arasaka, chaotic male orcish Rogue ---------- --..|..|..| |.........| |-........| |..()..)--- -#(....)| ---....-- |)....| |...^-- |hd..- |@|...| |<|-..| |%----- -... ..... ........ ........| -...|..--- --.----- --- Arasaka the Cutpurse St:16 Dx:17 Co:14 In:7 Wi:11 Ch:8 Chaotic Dlvl:6 $:5 HP:0(36) Pw:11(11) AC:6 Xp:5/247 T:2337 Latest messages: The jackal starts to attack you, but pulls back. The hobbit puts on a hooded cloak. You finish your prayer. You feel that Kos is well-pleased. You feel much better. The hobbit picks up a pair of hard shoes. You kill the gnome! The jackal bites! The jackal bites! You escape a pit. You hit the gnome! The jackal bites! The jackal bites! The dwarf throws an orcish dagger! The orcish dagger hits the jackal. The jackal is killed! The gnome escapes upstairs! The jackal falls into a pit! The jackal is killed! A giant ant suddenly appears! In what direction? The orcish dagger hits the dwarf. You hit the gnome lord! The gnome lord swings his bow. The gnome lord hits! You hit the gnome lord! The dwarf picks up an uncursed +0 orcish dagger. The gnome lord swings his bow. The gnome lord hits! You kill the gnome lord! The giant ant falls into a pit! The giant ant bites! The giant ant misses! You hear a G sharp squeak nearby. You kill the giant ant! The giant ant falls into a pit! The giant ant is killed! You hear a G sharp squeak nearby. You fall into a pit! There is a pit here. The orcish dagger hits the dwarf. You miss the dwarf. The jackal bites! You hit the dwarf. The jackal bites! You hit the dwarf. The jackal bites! The dwarf thrusts his broad short sword. The dwarf hits! You die... Inventory: Coins ('$') $ - 5 gold pieces Weapons (')') E - a cursed +0 dagger D - 3 cursed -1 daggers a - an uncursed +0 orcish short sword (weapon in right hand) Armor ('[') B - a blessed +1 pair of iron shoes (being worn) C - an uncursed +0 dwarvish cloak c - an uncursed very burnt +1 leather armor (being worn) Comestibles ('%') g - 4 uncursed food rations Potions ('!') u - an uncursed potion of acid w - a blessed potion of object detection d - an uncursed potion of sickness z - an uncursed potion of sleeping Rings ('=') j - an uncursed ring of aggravate monster v - an uncursed ring of warning Wands ('/') t - an uncursed wand of digging (0:7) I - an uncursed wand of teleportation (0:7) Tools ('(') f - an empty uncursed sack p - an uncursed blindfold e - an uncursed lock pick A - an uncursed magic marker (0:83) x - an uncursed oil lamp (lit) Arasaka the Rogue's attributes: Background: You were a Cutpurse, a level 5 male orcish Rogue. You were chaotic, on a mission for Kos who was opposed by Issek (lawful) and Mog (neutral). You were right-handed. You were in the Gnomish Mines, on level 6. You entered the dungeon 2337 turns ago. There was a full moon in effect when your adventure ended. You had 247 experience points, 73 more were needed to attain level 6. Basics: You had 0 out of 36 hit points. You had all 11 energy points (spell power). Your armor class was 6. Your wallet contained 5 zorkmids. Autopickup was on for '$"?' plus thrown, with exceptions. Final Characteristics: Your strength was 16 (limit:18/50). Your dexterity was 17 (base:18, limit:18). Your constitution was 14 (limit:18). Your intelligence was 7 (limit:16). Your wisdom was 11 (limit:16). Your charisma was 8 (limit:16). Final Status: You were trapped in a pit. You had wounded legs. You weren't hungry. You were unencumbered. You were wielding a short sword. You had basic skill with short sword. Final Attributes: You were piously aligned. You were poison resistant. You had infravision. You were stealthy. You were warded. You were lucky. You are dead. Miscellaneous: You disabled loading of bones levels. Total elapsed playing time was 10 minutes and 11 seconds. Major events: Turn 1: Arasaka the chaotic male orcish Rogue entered the dungeon 1296: entered the Gnomish Mines 1301: attained the rank of Cutpurse (level 3) 2337: killed by a dwarf Vanquished creatures: 4 gnome leaders a golden naga hatchling 2 giant ants a kitten 3 dwarves 2 rothes a giant bat a dwarf zombie a coyote 11 gnomes a gecko 9 jackals 2 foxes a kobold a goblin a sewer rat 2 grid bugs 2 lichens 2 kobold zombies 7 newts 55 creatures vanquished. No species were genocided or became extinct. Voluntary challenges: You read items or engraved 12 times. You engraved Elbereth 1 time. You never genocided any monsters. You never polymorphed an object. You never changed form. You used no wishes. Achievements: You entered the Gnomish Mines. You attained the rank of Cutpurse. The Dungeons of Doom: levels 1 to 5 Level 1: Level 2: An altar to Kos, a fountain. Level 3: A sink. Level 4: An altar. Stairs down to The Gnomish Mines. Level 5: The Gnomish Mines: levels 5 to 6 Level 5: Level 6: <- You were here. Final resting place for you, killed by a dwarf. Game over: ---------- / \ / REST \ / IN \ / PEACE \ / \ | Arasaka | | 5 Au | | killed by a | | dwarf | | | | | | 2023 | *| * * * | * _________)/\\_//(\/(/\)/\//\/|_)_______ Goodbye Arasaka the Rogue... You died in The Gnomish Mines on dungeon level 6 with 1293 points, and 5 pieces of gold, after 2337 moves. You were level 5 with a maximum of 36 hit points when you died.